 Dungeon Crawl Stone Soup version 0.31.0-11-ge490571c62 (webtiles) character file.

Game seed: 8645841999189024940

230 ezpacito the Chopper (level 5, 0/42 HPs)
             Began as a Demonspawn Berserker on Feb 8, 2024.
             Was a Priest of Trog.
             Slain by an iguana (10 damage)
             ... on level 4 of the Dungeon.
             The game lasted 00:02:34 (2692 turns).

ezpacito the Chopper (Demonspawn Berserker)         Turns: 2692, Time: 00:02:35

Health: 0/42       AC: 10    Str: 18    XL:     5   Next: 72%
Magic:  5/5        EV:  8    Int:  7    God:    Trog [***...]
Gold:   154        SH:  0    Dex: 16    Spells: 4/4 levels left

rFire   . . .        a - +0 hand axe
rCold   . . .        (no shield)
rNeg    + . .        s - +0 chain mail
rPois   .            (no helmet)
rElec   .            (no cloak)
rCorr   .            l - +0 pair of gloves
SInv    .            (no boots)
Will    .....        (no amulet) Stlth
                     n - ring of positive energy
HPRegen 0.27/turn    (no ring)
MPRegen 0.09/turn

%: no passive effects
@: on berserk cooldown, slowed, very slow
A: hooves 1, thin skeletal structure 1, ignite blood 1, powered by pain 1
a: Renounce Religion, Berserk, Trog's Hand


You were on level 4 of the Dungeon.
You worshipped Trog.
Trog was most pleased with you.
You visited 1 branch of the dungeon, and saw 4 of its levels.

You collected 154 gold pieces.

Inventory:

Hand Weapons
 a - a +0 hand axe (weapon)
Missiles
 g - 16 stones (quivered)
 m - 5 boomerangs
 t - a throwing net
Armour
 l - a +0 pair of gloves (worn)
 s - a +0 chain mail (worn)
Jewellery
 n - a ring of positive energy (left hand)
Talismans
 d - a beast talisman
Scrolls
 c - 2 scrolls of fear {unknown}
 e - a scroll of amnesia {unknown}
 f - a scroll of blinking {unknown}
 h - a scroll of noise {unknown}
 j - 2 scrolls of fog {unknown}
 k - 3 scrolls of teleportation {unknown}
 o - a scroll of enchant weapon {unknown}
 q - a scroll of identify {unknown}
 r - a scroll of enchant armour {unknown}
Potions
 b - a potion of magic {unknown}
 i - 2 potions of curing {unknown}
 p - a potion of lignification {unknown}


   Skills:
 * Level 3.7 Fighting
 * Level 4.1 Axes
 * Level 2.4 Armour
 * Level 2.4 Dodging
 * Level 1.6 Stealth
 * Level 1.5 Unarmed Combat


You had 4 spell levels left.
You didn't know any spells.
Your spell library contained the following spells:

 Spells                   Type           Power      Damage    Failure   Level
 Sandblast                Erth           0%         2d4       99%         1
 Passwall                 Erth           0%         N/A       100%        3
 Stone Arrow              Conj/Erth      0%         3d7       100%        3
 Brom's Barrelling Bould  Conj/Erth      0%         2d3       100%        4


Dungeon Overview and Level Annotations

Branches:
Dungeon (4/15)             Temple (0/1) D:4

Altars:
Ashenzari
Gozag
Qazlal
Ru
Yredelemnul

Shops:
D:3 =


Innate Abilities, Weirdness & Mutations

You have large cloven feet.
You have a somewhat thin skeletal structure. (Dex +2, Stealth+)
Your demonic aura sometimes causes spilled blood to erupt in flames.
You sometimes gain a little power by taking damage.


Message History

The endoplasm closely misses you. The endoplasm freezes you.
You are frozen.
The goblin hits you but does no damage.
You hit the endoplasm.
The endoplasm is severely wounded.
You hit the goblin but do no damage. The goblin barely misses you.
The endoplasm closely misses you.
You hit the goblin. You kick the goblin.
You kill the goblin!
Trog accepts your kill.
You hit the endoplasm.
You kill the endoplasm!
Trog accepts your kill.
A goblin comes into view. It is wielding a +0 dagger.
The iguana bites you but does no damage.
You hit the iguana. You kick the iguana.
The iguana is heavily wounded.
The iguana bites you.
You completely miss the iguana. Your kick misses the iguana.
The iguana is heavily wounded.
The iguana barely misses you. The iguana bites you.
You hit the iguana but do no damage. Your kick misses the iguana.
The iguana is heavily wounded.
The iguana bites you but does no damage.
The iguana bites you.
You closely miss the iguana.
The iguana is heavily wounded.
The iguana bites you but does no damage.
You closely miss the iguana.
The iguana is heavily wounded.
You barely miss the goblin. The goblin completely misses you.
The iguana bites you but does no damage.
The goblin closely misses you. The iguana bites you!
* * * LOW HITPOINT WARNING * * *
You hit the iguana but do no damage. You kick the iguana.
The iguana is heavily wounded.
You barely miss the goblin. The goblin hits you with a +0 dagger.
* * * LOW HITPOINT WARNING * * *
The iguana bites you!
You die...

.......[)....#
.............#
.........†.<.#
.........)...#
..........†..#
(...........### .
.....#......:....
#### #.)#..#...#
##.l@g.#.#.
#..#..#...
#...##....
#......>...
#...#....##
...#....#..
#...#..#.# .
#.#..##.).


You could see an iguana and a goblin.

Vanquished Creatures
  A scorpion (D:4)
  A howler monkey (D:4)
  4 adders
  2 dart slugs
  3 ribbon worms (D:3)
  4 orcs
  4 ball pythons
  7 endoplasms
  3 giant cockroaches
  12 goblins
  4 hobgoblins
  9 jackals
  A quokka (D:1)
  5 bats
  3 frilled lizards
  5 kobolds
  9 rats
77 creatures vanquished.

Notes
Turn   | Place    | Note
-------+----------+-------------------------------------------
     0 | D:1      | ezpacito the Demonspawn Berserker began the quest for the
                  | Orb.
     0 | D:1      | Reached XP level 1. HP: 18/18 MP: 1/1
   261 | D:1      | Gained mutation: Your demonic aura sometimes causes spilled
                  | blood to erupt in flames. [demonic ancestry]
   261 | D:1      | Reached XP level 2. HP: 24/24 MP: 2/2
   288 | D:1      | Reached skill level 3 in Axes
   555 | D:1      | Reached ** piety under Trog
   605 | D:1      | Gained mutation: You have large cloven feet. [demonic
                  | ancestry]
   605 | D:1      | Reached XP level 3. HP: 19/29 MP: 3/3
   678 | D:1      | Found a faded altar of an unknown god.
  1729 | D:2      | Reached skill level 1 in Stealth
  1729 | D:2      | Reached skill level 1 in Unarmed Combat
  1729 | D:2      | Gained mutation: You have a somewhat thin skeletal
                  | structure. (Dex +2, Stealth+) [demonic ancestry]
  1729 | D:2      | Reached XP level 4. HP: 25/35 MP: 4/4
  1930 | D:3      | Found a stormy altar of Qazlal.
  2123 | D:3      | Reached *** piety under Trog
  2429 | D:3      | Found a basalt altar of Yredelemnul.
  2443 | D:3      | Found a sacrificial altar of Ru.
  2446 | D:3      | Found a broken altar of Ashenzari.
  2454 | D:3      | Found an opulent altar of Gozag.
  2465 | D:3      | Found Jalotic's Jewellery Shop.
  2661 | D:4      | Noticed a scorpion
  2674 | D:4      | Gained mutation: You sometimes gain a little power by
                  | taking damage. [demonic ancestry]
  2674 | D:4      | Reached XP level 5. HP: 41/41 MP: 5/5
  2675 | D:4      | Reached skill level 4 in Axes
  2677 | D:4      | Found a staircase to the Ecumenical Temple.
  2692 | D:4      | Slain by an iguana

Illustrated notes

Levels and vault maps discovered:
D:1:      elethiomel_arrival_diamonds, layout_basic,
          hellmonk_ecumenical_altar_heavens_door
D:2:      layout_basic, chequers_serial_rivers_micro_e
D:3:      layout_loops_ring, mainiacjoe_overflow_chevrons,
          grunt_temple_overflow_cloverleaf, serial_shops, shop
D:4:      layout_rooms, minmay_temple_entry_mini_moons, uniq_robin

Skill      XL: |  1  2  3  4  5 |
---------------+----------------+-----
Axes           | 3 4 |  4.1
Dodging        | 2 |  2.4
Armour         | 2 |  2.4
Stealth        | 1 |  1.6
Unarmed Combat | 1 |  1.5
Fighting       | |  3.7

Action                     |  1- 3 |  4- 6 || total
---------------------------+-------+-------++-------
  Melee: Hand axe          |   138 |    70 ||   208
         Kick              |    13 |    18 ||    31
         Punch             |     1 |       ||     1
 Invoke: Berserk           |       |     1 ||     1
   Stab: Sleeping          |     2 |     2 ||     4
 Armour: Animal skin       |    68 |       ||    68
         Ring mail         |    11 |    12 ||    23
         Chain mail        |       |    38 ||    38
  Dodge: Dodged            |   100 |    35 ||   135
